 Dungeon Crawl Stone Soup version 0.29.1-13-g9f3cf754e1 (webtiles) character file.

Game seed: 12690249176120627411

51 Thatpatchoflichen the Trooper (level 3, -2/40 HPs)
             Began as an Ogre Monk on Feb 3, 2023.
             Slain by Sigmund
             ... wielding a +0 scythe of protection
              (8 damage)
             ... on level 2 of the Dungeon.
             The game lasted 00:03:10 (1463 turns).

Thatpatchoflichen the Trooper (Ogre Monk)           Turns: 1463, Time: 00:03:10

Health: -2/40      AC:  3    Str: 15    XL:     3   Next: 83%
Magic:  3/3        EV:  7    Int: 11    God:
Gold:   26         SH:  0    Dex: 13    Spells: 2/2 levels left

rFire   . . .      SeeInvis .   a - +0 mace
rCold   . . .      Faith    .   (no shield)
rNeg    . . .      Spirit   .   b - +0 robe
rPois   .          Reflect  .   (helmet restricted)
rElec   .          Harm     .   (no cloak)
rCorr   .          Rampage  .   (gloves unavailable)
Will    .....                   (boots unavailable)
Stlth   ++........              (no amulet)
HPRegen 0.13/turn               (no ring)
MPRegen 0.08/turn               (no ring)

@: grasped by roots, constricted
A: large, unfitting armour, tough skin 1
a: no special abilities


You were on level 2 of the Dungeon.
You visited 1 branch of the dungeon, and saw 2 of its levels.

You collected 26 gold pieces.

Inventory:

Hand Weapons
 a - a +0 mace (weapon)
Missiles
 i - 2 poisoned darts (quivered)
Armour
 b - a +0 robe (worn)
Scrolls
 e - a scroll of enchant weapon {unknown}
 g - a scroll of enchant armour {unknown}
 h - a scroll of summoning {unknown}
 j - 3 scrolls of vulnerability {unknown}
 k - 2 scrolls of identify {unknown}
Potions
 c - a potion of ambrosia
 d - a potion of degeneration {unknown}
 f - 2 potions of magic {unknown}


   Skills:
 + Level 4.6 Fighting
 + Level 3.1 Maces & Flails
 + Level 3.1 Dodging
 + Level 2.0 Stealth


You had 2 spell levels left.
You didn't know any spells.
Your spell library contained the following spells:

 Spells                   Type           Power      Damage    Failure   Level
 Foxfire                  Conj/Fire      0%         2x1d4     34%         1
 Conjure Flame            Conj/Fire      0%         6-21      71%         3
 Inner Flame              Hex/Fire       0%         N/A       71%         3
 Flame Wave               Conj/Fire      0%         2d4       98%         4


Dungeon Overview and Level Annotations

Branches:
Dungeon (2/15)

Altars:

Annotations:
D:2 Sigmund


Innate Abilities, Weirdness & Mutations

You are too large for most types of armour.
You have tough skin. (AC +1)


Message History

Found a runed long sword.
The helpless hobgoblin fails to defend itself.
You hit the hobgoblin.
The hobgoblin is almost dead.
The hobgoblin hits you.
The hobgoblin hits you but does no damage.
You barely miss the hobgoblin.
The hobgoblin is almost dead.
The hobgoblin hits you.
You hit the hobgoblin.
You kill the hobgoblin!
You see here a hobgoblin corpse.
You see here a +2 long sword of holy wrath.
k - 2 scrolls labelled CEUJESTR YHYSCH (gained 1) Sigmund the Dreaded comes into view.
He is wielding a +0 scythe of protection and carrying a wand of roots (6).
Sigmund casts a spell.
Sigmund flickers and vanishes!
Deactivating autopickup; reactivate with Ctrl-A.
You miss something.
You hear a zap.
The roots erupt in riotous growth!
The grasping roots grab you!
You are constricted!
You closely miss something. Something hits you.
You are constricted.
You hit something. Something hits you but does no damage.
You are constricted.
You closely miss something. Something hits you.
You are constricted.
The grasping roots release their grip on you.
You closely miss something.
You hear some strange, mumbled words.
A puff of flame appears from out of thin air!
The puff of flame hits you!
* * * LOW HITPOINT WARNING * * *
You barely miss something.
You hear a zap.
The roots erupt in riotous growth!
The grasping roots grab you!
You are constricted.
* * * LOW HITPOINT WARNING * * *
You hit something but do no damage. Something hits you!
You die...

# ##### ## #. ..... .
#.. ...#.# # ..##..#.
.#. #.......> ...
#..#.#..# ..# #..#.#.{#
..# ###......@#######
..######.........#.....#
......##.#..#....#.....#
.................†.....#
......##.#.#.#.#.#...).#
..######.......#.#.....#
..# ###.......#.....#
..# ###.#####.###.# ..#
###.# #.###.#######


There were no monsters in sight!

Vanquished Creatures
  An adder (D:2)
  A dart slug (D:2)
  2 ball pythons
  7 endoplasms
  3 giant cockroaches
  5 goblins
  6 hobgoblins
  2 quokkas (D:1)
  3 frilled lizards
  2 kobolds (D:1)
  2 rats (D:1)
34 creatures vanquished.

Notes
Turn   | Place    | Note
-------+----------+-------------------------------------------
     0 | D:1      | Thatpatchoflichen the Ogre Monk began the quest for the
                  | Orb.
     0 | D:1      | Reached XP level 1. HP: 24/24 MP: 1/1
   279 | D:1      | Reached XP level 2. HP: 30/32 MP: 2/2
   819 | D:1      | Reached XP level 3. HP: 40/40 MP: 3/3
  1142 | D:2      | Found a faded altar of an unknown god.
  1453 | D:2      | Noticed Sigmund
  1463 | D:2      | Slain by Sigmund

Illustrated notes

Levels and vault maps discovered:
D:1:      beargit_arrival_diablo_church, layout_basic, corexii_leaking_fountain,
          st_stairs_7
D:2:      layout_loops_cross, nicolae_ecumenical_pavilion, uniq_sigmund

Skill      XL: |  1  2  3 |
---------------+----------+-----
Maces & Flails | 3 |  3.1
Dodging        | 3 |  3.1
Stealth        | 2 |  2.0
Fighting       | |  4.6

Action                   || total
-------------------------++-------
Melee: Mace              ||    94
 Stab: Sleeping          ||     4
Armor: Robe              ||    28
Dodge: Dodged            ||    49
